 Dungeon Crawl Stone Soup version 0.26-a0-665-gefeb406119 (webtiles) character file.

Game seed: 16708751522658736776

174 Decritt the Firebug (level 5, 0/41 HPs)
             Began as a Draconian Fire Elementalist on Oct 14, 2020.
             Slain by a wyvern zombie (13 damage)
             ... on level 3 of the Dungeon.
             The game lasted 00:06:50 (2730 turns).

Decritt the Firebug (Draconian Fire Elementalist)   Turns: 2730, Time: 00:06:51

Health: 0/41       AC:  5    Str: 10    XL:     5   Next: 28%
Magic:  5/8        EV: 27    Int: 16    God:
Gold:   150        SH:  0    Dex: 12    Spells: 8/9 levels left

rFire    . . .     SeeInvis .   l - +1 dagger (speed)
rCold    . . .     Faith    .   (no shield)
rNeg     . . .     Spirit   .   (armour unavailable)
rPois    .         Reflect  .   (helmet restricted)
rElec    .         Harm     .   (no cloak)
rCorr    .         Rampage  .   (no gloves)
MR       .....                  (no boots)
Stlth    ++........             e - amulet of the acrobat
HPRegen  0.13/turn              (no ring)
MPRegen  0.11/turn              (no ring)

@: acrobat
A: unfitting armour, cold-blooded, AC +5
a: no special abilities


You were on level 3 of the Dungeon.
You visited 1 branch of the dungeon, and saw 3 of its levels.

You collected 150 gold pieces.

Inventory:

Hand Weapons
 i - a +0 trident
 l - a +1 dagger of speed (weapon)
Jewellery
 e - an amulet of the acrobat (around neck)
Scrolls
 c - a scroll of remove curse {unknown}
 d - a scroll of identify {unknown}
 h - 2 scrolls of enchant weapon {unknown}
 j - a scroll of enchant armour {unknown}
 m - 2 scrolls of noise {unknown}
Potions
 a - 2 potions of ambrosia {unknown}
 b - 2 potions of magic {unknown}
 f - a potion of stabbing {unknown}
 g - a potion of flight {unknown}
 k - a potion of cancellation {unknown}


   Skills:
 + Level 2.2 Fighting
 - Level 2.2 Dodging
 - Level 1.7 Stealth
 * Level 2.5 Spellcasting
 + Level 2.7 Conjurations
 * Level 4.2 Fire Magic


You had 8 spell levels left.
You knew the following spells:

 Your Spells              Type           Power        Failure   Level
a - Foxfire               Conj/Fire      ##..         4%          1

Your spell library contained the following spells:

 Spells                   Type           Power        Failure   Level
 Conjure Flame            Conj/Fire      ##......     14%         3
 Inner Flame              Hex/Fire       #.......     26%         3
 Sticky Flame             Conj/Fire      ##......     43%         4
 Fireball                 Conj/Fire      ##........   78%         5


Dungeon Overview and Level Annotations

Branches:
Dungeon (3/15)

Altars:


Innate Abilities, Weirdness & Mutations

Your plain brown scales are hard. (AC +5)
You cannot fit into any form of body armour.
You are cold-blooded and may be slowed by cold attacks.


Message History

You conjure some foxfire!
The wyvern zombie completely misses you.
The foxfire hits the wyvern zombie.
The wyvern zombie is lightly damaged.
The wyvern zombie completely misses you.
The wyvern zombie misses you.
Your foxfire dissipates!
The wyvern zombie barely misses you.
You see here a falchion.
Casting: Foxfire (safe; 4% risk of failure)
Confirm with . or Enter, or press ? or * to list all spells.
You conjure some foxfire!
The wyvern zombie bites you!
* * * LOW HITPOINT WARNING * * *
The foxfire hits the wyvern zombie but does no damage.
The wyvern zombie is lightly damaged.
The foxfire hits the wyvern zombie.
The wyvern zombie is moderately damaged.
The wyvern zombie completely misses you.
The wyvern zombie bites you!
You die...

........##.... ### ##.
#.. ............. ...#..
#.. ...........# #.#.##
#.. .....##...# #.....
#.# >#.##..)..## ###.##
###.## .#....)#...#####
##...# #<...#
.####..#.......#####..###
#.†..# .#
#....#........##.##
#....##.#
#..†.@Z....##....####
#....#<.#
#.)####....##.......#
#....÷.#####(.##
####.#..#####[..
#>...##........# #.#.##
.. #....##........# #...#
#....##........# ##..#
#....##........# #..#
#....##........# #.##
#######........# ###


You could see a wyvern zombie.

Vanquished Creatures
  An orc priest (D:3)
  An orc wizard (D:2)
  3 adders
  5 worms
  2 dart slugs (D:1)
  4 leopard geckos
  6 orcs
  A ball python (D:1)
  2 bats
  4 giant cockroaches
  8 goblins
  6 hobgoblins
  6 jackals
  2 kobolds (D:1)
  A quokka (D:3)
  3 frilled lizards
  9 rats
64 creatures vanquished.

Vanquished Creatures (others)
  191 foxfires
191 creatures vanquished.

Grand Total: 255 creatures vanquished

Notes
Turn   | Place    | Note
-------+----------+-------------------------------------------
     0 | D:1      | Decritt the Draconian Fire Elementalist began the quest for
                  | the Orb.
     0 | D:1      | Reached XP level 1. HP: 14/14 MP: 3/3
   274 | D:1      | Reached XP level 2. HP: 22/22 MP: 1/5
   361 | D:1      | Reached skill level 1 in Fighting
   676 | D:1      | Reached XP level 3. HP: 28/28 MP: 2/6
  1672 | D:2      | Reached XP level 4. HP: 36/36 MP: 4/7
  2415 | D:3      | Reached skill level 4 in Fire Magic
  2533 | D:3      | Reached XP level 5. HP: 34/41 MP: 3/8
  2730 | D:3      | Slain by a wyvern zombie

Illustrated notes

Levels and vault maps discovered:
D:1:      mrwooster_arrival_statue_2, layout_loops_ring, lemuel_old_faithful
D:2:      layout_loops_ring
D:3:      layout_rooms

Skill      XL: |  1  2  3  4 |
---------------+-------------+-----
Fighting       | 1 2 |  2.2
Conjurations   | 2 |  2.7
Dodging        | 2 |  2.2
Fire Magic     | 4 |  4.2
Stealth        | |  1.7
Spellcasting   | |  2.5

Action                   |  1- 3 |  4- 6 || total
-------------------------+-------+-------++-------
Melee: Unarmed           |     5 |       ||     5
       Dagger            |       |    23 ||    23
       Trident           |       |    14 ||    14
       Tailslap          |       |     6 ||     6
 Cast: Foxfire           |    75 |    62 ||   137
Armor: Skin              |     8 |    16 ||    24
Dodge: Dodged            |    28 |    83 ||   111

Table legend: (Time is in decaauts)
 A = Elapsed time spent in this place.
 B = Non-inter-level travel time spent in this place.
 C = Inter-level travel time spent in this place.
 D = Time resting spent in this place.
 E = Time spent auto-exploring this place.
 F = Levels seen in this place.
 G = Mean time per level.
                   A        B        C        D        E       F      G
               +--------+--------+--------+--------+--------+-----+--------+
         Total |   2724 |   2656 |     68 |      0 |   2178 |   3 |  908.0 |
       Dungeon |   2724 |   2656 |     68 |      0 |   2178 |   3 |  908.0 |
               +--------+--------+--------+--------+--------+-----+--------+

Top non-repeatable levels by time:
     D:1: 1168 daAuts
     D:2: 1140 daAuts
     D:3: 416 daAuts
